 Dungeon Crawl Stone Soup version 0.31-a0-188-g5e087ee2ca (webtiles) character file.

Game seed: 4865263859587753835

9 qw the Shooter (level 2, -5/16 HPs)
             Began as a Deep Elf Hunter on June 23, 2023.
             Slain by a worm (8 damage)
             ... on level 1 of the Dungeon.
             The game lasted 00:00:10 (493 turns).

qw the Shooter (Deep Elf Hunter)                     Turns: 493, Time: 00:00:11

Health: -5/16      AC:  4    Str:  8    XL:     2   Next: 6%
Magic:  4/4        EV: 12    Int: 16    God:
Gold:   55         SH:  0    Dex: 18    Spells: 1/1 levels left

rFire   . . .        Y - +1 shortbow
rCold   . . .        (shield currently unavailable)
rNeg    . . .        c - +0 leather armour
rPois   .            (no helmet)
rElec   +            (no cloak)
rCorr   +            e - +0 pair of gloves
SInv    .            (no boots)
Will    .....        (no amulet)
Stlth   ++           h - ring of resist corrosion
HPRegen 0.22/turn    a - ring of Futiy {Fly rElec Int+3}
MPRegen 0.09/turn

%: no passive effects
@: flying
A: no striking features
a: no special abilities


You were on level 1 of the Dungeon.
You visited 1 branch of the dungeon, and saw 2 of its levels.

You collected 55 gold pieces.


   Skills:
 - Level 1.5 Fighting
 + Level 6.0 Ranged Weapons
 - Level 2.4 Dodging
 - Level 1.2 Stealth


You had one spell level left.
You didn't know any spells.
Your spell library was empty.

Inventory:

Hand Weapons
 Y - a +1 shortbow (weapon)
Armour
 c - a +0 leather armour (worn)
 e - a +0 pair of gloves (worn)
Jewellery
 a - the ring of Futiy (right hand) {Fly rElec Int+3}
   (You acquired it on level 1 of the Dungeon)

   [ring of flight]

   Int:       It affects your intelligence (+3).
   rElec:     It insulates you from electricity.
   Fly:       It grants you flight.
 h - a ring of resist corrosion (left hand)
Potions
 g - a potion of invisibility {unknown}
 k - a potion of curing {unknown}
 m - a potion of resistance {unknown}

Dungeon Overview and Level Annotations

Branches:
Dungeon (2/15)

Altars:


Message History

As you read the scroll labelled YKIGUOSMAO, it crumbles to dust.
It is a scroll of amnesia.
You feel forgetful for a moment.
Done exploring.
457 ||| DROPPING scroll of butterflies.
You drop a scroll of butterflies.
Done exploring.
(D) Dungeon
Where to? (* - list waypoints, ? - help)
What level of the Dungeon? (default 1, ? - help)
There is a stone staircase leading down here.
You fly downwards.
Found a scroll of torment and a green potion.
There is a stone staircase leading up here.
There are monsters nearby!
Waypoint 1 assigned to D:2.
You shoot an arrow.
The arrow hits the endoplasm but does no damage.
The endoplasm quivers.
The adder hisses angrily.
The kobold shouts!
You hear a shout!
The goblin shouts!
You shoot an arrow. The arrow barely misses the endoplasm.
The endoplasm barely misses you.
You shoot an arrow. The arrow hits the kobold.
You kill the kobold!
The endoplasm hits you.
490 ||| STAIRDANCE The adder barely misses you.
The endoplasm freezes you.
You are frozen.
You fly upwards.
There is a stone staircase leading down here.
Enter note:
Enter note: You shoot an arrow.
The arrow hits the adder.
The adder is lightly wounded.
The adder bites you. The endoplasm freezes you.
You are frozen.
The adder misses you. The worm bites you.
You shoot an arrow. The arrow barely misses the adder.
The adder barely misses you. The endoplasm hits you. The worm bites you!
Ouch! That really hurt!
You die...

##..........# #..#.......#
###...........# #...#..#####
##.............# ##...########
##..#......:....# ##...##...##.
#..#.......(....# #...#...#....
..##.##.........# #..#...#.#...
##...###......#.#####.#.....#...#
#..### #####.##Jw...##...##...##.
..## #.###@##.############. .###
#..##S##.# ###..# ...#
##.##.##.#### ##.#... #..###
#.##..#....# #...... ###..##
#.###.####.####.##... ((##..#
#..##.## #...##.##... ((.+..##
##.##..# ###.##.##### (.###..#
#..%#.#####.##.# ### ##.###
##..........##.#


You could see a worm, an adder and an endoplasm.

Vanquished Creatures
  A goblin (D:1)
  2 hobgoblins (D:1)
  3 kobolds
  A ball python (D:1)
  A frilled lizard (D:1)
  2 rats (D:1)
10 creatures vanquished.

Notes
Turn   | Place    | Note
-------+----------+-------------------------------------------
     0 | D:1      | qw the Deep Elf Hunter began the quest for the Orb.
     0 | D:1      | Reached XP level 1. HP: 12/12 MP: 3/3
     0 | D:1      | 0 ||| qw: Version: 0.3-a-9-g12657ce
     0 | D:1      | 0 ||| qw: Game counter: 3695
     0 | D:1      | 0 ||| qw: Always use a shield: true
     0 | D:1      | 0 ||| qw: God list: Okawaru
     0 | D:1      | 0 ||| qw: Allow faded altars: false
     0 | D:1      | 0 ||| qw: Do Orc after D:15 true
     0 | D:1      | 0 ||| qw: Do second Lair branch before Depths: true
     0 | D:1      | 0 ||| qw: Lair rune preference: random
     0 | D:1      | 0 ||| qw: Plans: Normal
     0 | D:1      | 0 ||| PLANNING D:1-11
   229 | D:1      | Reached XP level 2. HP: 16/16 MP: 4/4
   359 | D:1      | Reached skill level 6 in Ranged Weapons
   415 | D:1      | 415 ||| UPGRADING to +0 pair of gloves.
   420 | D:1      | 420 ||| UPGRADING to ring of resist corrosion.
   421 | D:1      | 421 ||| READING scroll labelled VOUCIQ ISIUBY.
   422 | D:1      | 422 ||| READING scroll labelled SAPPA MIGRUJURY.
   452 | D:1      | 452 ||| READING scroll labelled APTUMI ICUMM.
   452 | D:1      | Identified a scroll of acquirement
   452 | D:1      | 452 ||| ACQUIRING ring of Futiy {Fly rElec Int+3}
   452 | D:1      | Acquired the ring of Futiy {Fly rElec Int+3}
   454 | D:1      | 454 ||| UPGRADING to ring of Futiy {Fly rElec Int+3}.
   455 | D:1      | 455 ||| READING scroll labelled QAARHYASIU.
   456 | D:1      | 456 ||| READING scroll labelled YKIGUOSMAO.
   457 | D:1      | 457 ||| DROPPING scroll of butterflies.
   490 | D:2      | 490 ||| STAIRDANCE
   492 | D:1      | HP: 4/16 [worm (5)]
   493 | D:1      | Slain by a worm

Levels and vault maps discovered:
D:1:      minmay_arrival_shattered_statue, layout_rooms, solitary_fountain,
          chequers_serial_rivers_micro_c, hangedman_decor_slide_cut
D:2:      layout_basic

Skill      XL: |  1  2 |
---------------+-------+-----
Ranged Weapons | 6 |  6.0
Fighting       | |  1.5
Dodging        | |  2.4
Stealth        | |  1.2

Action                     || total
---------------------------++-------
   Fire: Shortbow          ||    22
    Use: Scroll            ||     5
 Armour: Leather armour    ||     1
  Dodge: Dodged            ||     4

Table legend:
 A = Non-vault XP
 B = Vault XP
 C = Vault XP percentage of total XP
 D = Non-vault monster count
 E = Vault monster count
 F = Vault count percentage of total count
                 A         B        C        D         E       F
            +---------+---------+-------+---------+---------+-------
      Total |      14 |       0 |   0.0 |      10 |       0 |   0.0
            +---------+---------+-------+---------+---------+-------
        D:1 |      13 |       0 |   0.0 |       9 |       0 |   0.0
        D:2 |       1 |       0 |   0.0 |       1 |       0 |   0.0
            +---------+---------+-------+---------+---------+-------
